 Dungeon Crawl Stone Soup version 0.26-a0-30-g56b8cd3df0 (webtiles) character file.

Game seed: 4636347215471784286, levelgen mode: deterministic

1667 grindst0ne the Covert (level 8, 0/37 HPs)
             Began as a Spriggan Assassin on May 31, 2020.
             Killed from afar by an orc wizard (8 damage)
             ... with a magic dart
             ... on level 6 of the Dungeon.
             The game lasted 00:19:14 (9647 turns).

grindst0ne the Covert (Spriggan Assassin)           Turns: 9647, Time: 00:19:15

Health: 0/37       AC:  3    Str:  7    XL:     8   Next: 69%
Magic:  9/9        EV: 23    Int: 12    God:
Gold:   175        SH:  0    Dex: 20    Spells: 2/7 levels left

rFire    . . .     SeeInvis +   u - +1 dagger (speed)
rCold    . . .     Gourm    .   (shield restricted)
rNeg     + . .     Faith    .   b - +0 robe
rPois    .         Spirit   .   (helmet restricted)
rElec    .         Reflect  .   c - +0 cloak
rCorr    .         Harm     .   (gloves unavailable)
MR       +....                  (boots unavailable)
Stlth    ++++++....             (no amulet)
HPRegen  0.12/turn              (no ring)
MPRegen  0.11/turn              y - ring of positive energy

@: very quick
A: very small, unfitting armour, see invisible, herbivore, speed 3, slow
metabolism 2
a: no special abilities


You were on level 6 of the Dungeon.
You were very hungry.

You visited 1 branch of the dungeon, and saw 6 of its levels.

You collected 175 gold pieces.

Inventory:

Hand Weapons
 a - a +2 dagger
 u - a +1 dagger of speed (weapon)
Missiles
 n - 7 boomerangs
 p - 4 poisoned darts (quivered)
Armour
 b - a +0 robe (worn)
 c - a +0 cloak (worn)
Jewellery
 y - a ring of positive energy (right hand)
 C - an uncursed amulet of regeneration {unknown}
Wands
 e - a wand of clouds (3)
 v - a wand of random effects (11)
Scrolls
 g - 2 scrolls of blinking {unknown}
 i - 2 scrolls of teleportation {unknown}
 j - 7 scrolls of remove curse
 m - a scroll of enchant armour {unknown}
 o - 2 scrolls of immolation {unknown}
 r - 2 scrolls of fear {unknown}
 t - 2 scrolls of magic mapping {unknown}
 w - 2 scrolls of amnesia {unknown}
Potions
 d - a potion of might {unknown}
 h - a potion of curing
 k - a potion of heal wounds {unknown}
 l - a potion of lignification
 q - a potion of stabbing {unknown}
 s - a potion of haste
 x - 2 potions of magic {unknown}
 z - 3 potions of berserk rage {unknown}
 A - a potion of flight
 B - a potion of mutation {unknown}
Comestibles
 f - 4 rations


   Skills:
 - Level 1.5 Fighting
 + Level 5.7 Short Blades
 - Level 2.0 Throwing
 + Level 7.0 Dodging
 - Level 14.0 Stealth


You had 2 spell levels left.
You knew the following spells:

 Your Spells              Type           Power        Failure   Level  Hunger
a - Blink                 Tloc           N/A          45%         2    ###....
b - Mephitic Cloud        Conj/Pois/Air  #.......     69%         3    ####...

Your spell library contained the following spells:

 Spells                   Type           Power        Failure   Level  Hunger
 Magic Dart               Conj           #...         32%         1    ##.....
 Call Imp                 Summ           #.......     45%         2    ###....
 Slow                     Hex            #.......     45%         2    ###....
 Confusing Touch          Hex            #.......     69%         3    ####...
 Conjure Flame            Conj/Fire      #.......     69%         3    ####...
 Gell's Gravitas          Tloc           #.........   69%         3    ####...
 Petrify                  Tmut/Erth      #.......     97%         4    #####..
 Metabolic Englaciation   Hex/Ice        #.........   100%        5    ######.
 Yara's Violent Unravell  Hex/Tmut       #.........   100%        5    ######.


Dungeon Overview and Level Annotations

Branches:
Dungeon (6/15)
 Temple: D:4-7

Altars:
Ashenzari
Qazlal
Uskayaw

Shops:
D:5 =

Annotations:
D:3 exclusion: downstairs


Innate Abilities, Weirdness & Mutations

You are very small and have problems with some larger weapons.
You are too small for most types of armour.
You have supernaturally acute eyesight. (SInv)
You are a herbivore.
You cover ground extremely quickly.
You need to consume almost no food.


Message History

The orc wizard seems to speed up.
The orc wizard gestures at you while chanting.
The magic dart hits you.
* * * LOW HITPOINT WARNING * * *
Throwing (i - inventory. (/) - cycle)
p - 6 poisoned darts (quivered)
Press: ? - help, Shift-Dir - straight line, f/p - orc wizard
Aim: an orc wizard, wielding a +0 dagger and wearing a +0 robe (severely wounded, fast, poisoned)
You throw a poisoned dart. The poisoned dart hits the orc wizard.
The orc wizard looks even sicker.
The orc wizard is severely wounded.
Throwing (i - inventory. (/) - cycle)
p - 5 poisoned darts (quivered)
Press: ? - help, Shift-Dir - straight line, f/p - orc wizard
Aim: an orc wizard, wielding a +0 dagger and wearing a +0 robe (severely wounded, fast, very poisoned)
You throw a poisoned dart. The poisoned dart hits the orc wizard.
The orc wizard looks even sicker.
The orc wizard is severely wounded.
The orc wizard misses you.
The orc wizard points at you and mumbles some strange words.
The magic dart hits you!
You die...

#.##.###.##.# #
#.##.###.##.# .#
#.##.....##.# ..
#........##.# .#
#.##.##..##.####..#...
≈≈.##.##.............#
#
≈≈##........####..#.#
≈≈##..#.##### .#
##.#@# .. ≈≈..$.o(.#
.# ≈≈#.#.<..# .#
.!...o.. + ≈#.#..(.##
#..((#.# #.### .# #.
.#


You could see 2 orc wizards.

Vanquished Creatures
  Grinder (D:4)
  Sigmund (D:2)
  Edmund (D:4)
  A sky beast (D:5)
  A phantom (D:5)
  2 ogres
  A scorpion (D:5)
  A crimson imp (D:5)
  2 hounds
  2 orc priests (D:4)
  A bullfrog skeleton (D:5)
  3 orc wizards
  4 worker ants
  Natasha (thrice) (D:2)
  An iguana (D:4)
  A hound zombie (D:6)
  A worker ant zombie (D:5)
  11 gnolls
  2 howler monkey skeletons (D:5)
  10 adders
  An ooze (D:2)
  An adder skeleton (D:5)
  3 worms
  2 dart slugs (D:1)
  3 leopard geckos
  18 orcs
  6 bats
  8 giant cockroaches
  7 goblins
  6 hobgoblins
  10 jackals
  9 kobolds
  A quokka (D:2)
  2 frilled lizards
  A jackal skeleton (D:5)
  A leopard gecko skeleton (D:5)
  2 leopard gecko zombies (D:5)
  2 quokka skeletons
  7 rats
140 creatures vanquished.

Notes
Turn   | Place    | Note
-------+----------+-------------------------------------------
     0 | D:1      | grindst0ne the Spriggan Assassin began the quest for the
                  | Orb.
     0 | D:1      | Reached XP level 1. HP: 10/10 MP: 2/2
    29 | D:1      | Reached skill level 6 in Stealth
   142 | D:1      | Reached XP level 2. HP: 12/14 MP: 3/3
   241 | D:1      | Reached skill level 7 in Stealth
   304 | D:1      | Reached XP level 3. HP: 17/18 MP: 4/4
  1027 | D:2      | Reached skill level 8 in Stealth
  1060 | D:2      | Noticed Sigmund
  1227 | D:2      | Killed Sigmund
  1227 | D:2      | Reached skill level 10 in Stealth
  1227 | D:2      | Reached XP level 4. HP: 22/22 MP: 5/5
  1227 | D:2      | Reached XP level 5. HP: 25/25 MP: 6/6
  1332 | D:2      | Found a shattered altar of Ashenzari.
  1963 | D:2      | Noticed Natasha
  1991 | D:2      | Killed Natasha
  1991 | D:2      | Reached skill level 11 in Stealth
  1991 | D:2      | Reached XP level 6. HP: 10/30 MP: 7/7
  2608 | D:2      | Noticed Natasha
  2615 | D:2      | Killed Natasha
  2814 | D:2      | Noticed Natasha
  2836 | D:2      | Killed Natasha
  3135 | D:3      | Learned a level 2 spell: Blink
  3139 | D:3      | Learned a level 3 spell: Mephitic Cloud
  3271 | D:3      | Found a hide-covered altar of Uskayaw.
  3599 | D:3      | Reached skill level 12 in Stealth
  4051 | D:4      | Noticed Grinder
  4056 | D:4      | Killed Grinder
  4056 | D:4      | Reached skill level 13 in Stealth
  4056 | D:4      | Reached XP level 7. HP: 33/33 MP: 8/8
  5935 | D:4      | Reached skill level 14 in Stealth
  6170 | D:4      | Noticed Edmund
  6507 | D:4      | Killed Edmund
  6507 | D:4      | Reached XP level 8. HP: 37/37 MP: 9/9
  6530 | D:4      | Found a stormy altar of Qazlal.
  7464 | D:5      | Entered Level 5 of the Dungeon
  7839 | D:5      | Reached skill level 5 in Dodging
  8512 | D:5      | Reached skill level 5 in Short Blades
  8852 | D:5      | Found Pedyiz's Jewellery Shop.
  9647 | D:6      | Killed from afar by an orc wizard

Illustrated notes

Levels and vault maps discovered:
D:1:      sevenhm_arrival_forest_fort_large_4, layout_rooms
D:2:      layout_basic, lemuel_crystal_altar, uniq_sigmund, uniq_natasha
D:3:      minmay_recursive_quarters, layout_loops_ring, lemuel_tele_altar
D:4:      layout_layer_cave, kennysheep_mini, first_ration, uniq_grinder,
          uniq_edmund
D:5:      layout_layer_cave, serial_shops, shop_fountains, minmay_bent
D:6:      layout_loops_corners, grunt_temple_overflow_holy_war,
          minmay_temple_entry_enclosed_plants, grunt_decor_mini_mirrors,
          minmay_misc_feat_ornament, minmay_misc_feat_alley, water_boxes_lemuel

Skill      XL: |  1  2  3  4  5  6  7  8 |
---------------+-------------------------+-----
Stealth        | 6 7 10 11 13 14 | 14.0
Dodging        | 3 7 |  7.0
Short Blades   | 3 5 |  5.7
Fighting       | |  1.5
Throwing       | |  2.0

Action                   |  1- 3 |  4- 6 |  7- 9 || total
-------------------------+-------+-------+-------++-------
Melee: Dagger            |   115 |   225 |   597 ||   937
Throw: Dart              |     5 |    28 |    22 ||    55
       Boomerang         |       |       |    46 ||    46
Evoke: Wand              |       |       |    12 ||    12
  Use: Scroll            |       |       |     6 ||     6
       Potion            |       |       |     6 ||     6
 Stab: Sleeping          |     8 |    15 |    12 ||    35
       Paralysed         |       |       |     3 ||     3
       Distracted        |       |       |     3 ||     3
       Confused          |       |       |     3 ||     3
  Eat: Ration            |       |       |     3 ||     3
Armor: Robe              |     9 |    22 |    39 ||    70
       Skin              |       |       |    17 ||    17
Dodge: Dodged            |    82 |   141 |   298 ||   521

Table legend:
 A = Non-vault XP
 B = Vault XP
 C = Vault XP percentage of total XP
 D = Non-vault monster count
 E = Vault monster count
 F = Vault count percentage of total count
                 A         B        C        D         E       F
            +---------+---------+-------+---------+---------+-------
      Total |    1569 |     813 |  34.1 |     127 |      13 |   9.3
            +---------+---------+-------+---------+---------+-------
        D:1 |      62 |       0 |   0.0 |      26 |       0 |   0.0
        D:2 |     143 |     277 |  66.0 |      19 |       2 |   9.5
        D:3 |     111 |      37 |  25.0 |      20 |       7 |  25.9
        D:4 |     486 |     434 |  47.2 |      29 |       2 |   6.5
        D:5 |     741 |      65 |   8.1 |      30 |       2 |   6.2
        D:6 |      26 |       0 |   0.0 |       3 |       0 |   0.0
            +---------+---------+-------+---------+---------+-------
